 Dungeon Crawl Stone Soup version 0.31.0-32-g396128a36d (webtiles) character file.

Game seed: 8471621045499227024

57 Peloso the Covered (level 3, 0/33 HPs)
             Began as a Minotaur Fighter on Mar 24, 2024.
             Slain by a ribbon worm (2 damage)
             ... on level 2 of the Dungeon.
             The game lasted 00:01:41 (692 turns).

Peloso the Covered (Minotaur Fighter)                Turns: 692, Time: 00:01:41

Health: 0/33       AC:  7    Str: 16 (19) XL:     3   Next: 73%
Magic:  2/2        EV:  5    Int:  7 (9)  God:
Gold:   68         SH:  0    Dex:  8 (10) Spells: 2/2 levels left

rFire   . . .        a - +0 long sword
rCold   . . .        c - +0 buckler
rNeg    . . .        b - +0 scale mail
rPois   .            (helmet restricted)
rElec   .            (no cloak)
rCorr   .            (no gloves)
SInv    .            (no boots)
Will    .....        (no amulet) Stlth
                     (no ring)
HPRegen 0.25/turn    (no ring)
MPRegen 0.08/turn

%: random rage (3%)
@: held
A: horns 2, retaliatory headbutt, berserk 1, clever 1
a: no special abilities


You were on level 2 of the Dungeon.
You visited 1 branch of the dungeon, and saw 2 of its levels.

You collected 68 gold pieces.

Inventory:

Hand Weapons
 a - a +0 long sword (weapon)
Armour
 b - a +0 scale mail (worn)
 c - a +0 buckler (worn)
Jewellery
 g - a +4 ring of protection
Scrolls
 e - a scroll of noise {unknown}
 j - 3 scrolls of revelation {unknown}
 n - a scroll of vulnerability {unknown}
Potions
 d - 2 potions of might
 l - a potion of heal wounds {unknown}
 m - a potion of berserk rage {unknown}


   Skills:
 + Level 4.3 Fighting
 + Level 3.0 Long Blades
 + Level 4.4 Armour
 + Level 4.1 Shields


You had 2 spell levels left.
You didn't know any spells.
Your spell library was empty.

Dungeon Overview and Level Annotations

Branches:
Dungeon (1/15)

Altars:


Innate Abilities, Weirdness & Mutations

You have a pair of horns on your head.
You reflexively headbutt those who attack you in melee.
You sometimes lose your temper in combat.
Your mind is acute. (Int +4, Str/Dex -1)


Message History

The kobold hits you but does no damage.
The ribbon worm expels a string of sticky webbing.
The stream of webbing hits you but does no damage.
You are caught in a web!
The kobold hits you with a +0 short sword.
The ribbon worm bites you. The kobold hits you but does no damage.
The ribbon worm bites you but does no damage.
The kobold hits you with a +0 short sword.
The ribbon worm bites you but does no damage.
The kobold hits you with a +0 short sword.
The kobold hits you with a +0 short sword.
The ribbon worm bites you but does no damage.
The kobold hits you with a +0 short sword.
The ribbon worm bites you but does no damage.
The kobold hits you but does no damage. The ribbon worm barely misses you.
You furiously retaliate!
You headbutt the ribbon worm.
The kobold hits you with a +0 short sword.
The ribbon worm expels a string of sticky webbing.
The stream of webbing hits you but does no damage.
You are even more entangled.
The kobold hits you with a +0 short sword.
The kobold hits you with a +0 short sword.
The ribbon worm bites you but does no damage.
The kobold hits you but does no damage.
The ribbon worm bites you but does no damage.
The kobold hits you with a +0 short sword.
The ribbon worm bites you. The kobold hits you but does no damage.
The ribbon worm bites you but does no damage.
The kobold hits you but does no damage.
The kobold hits you with a +0 short sword.
The ribbon worm bites you!
* * * LOW HITPOINT WARNING * * *
The kobold hits you with a +0 short sword.
* * * LOW HITPOINT WARNING * * *
The ribbon worm expels a string of sticky webbing.
The stream of webbing hits you but does no damage.
You are even more entangled.
The kobold hits you but does no damage. The ribbon worm bites you.
You die...

#.# #.#.########.
##.###.#..........
#...##.#†....####
..#..[.......(.#
...†###......#.# .#..#
#.#...##.# .##.#
#.##.###.# #
.##........###.###.#.###
.############...@K......
.# ##########.###w.#.###
.# #.......... .....
.###.########! ....##
.##...## #! .####
.#.....#### #. ##
..............
##.....##### ##...##


You could see a ribbon worm (catching breath) and a kobold.

Vanquished Creatures
  Jessica (D:2)
  An adder (D:2)
  A dart slug (D:1)
  3 bats (D:1)
  2 endoplasms (D:1)
  2 giant cockroaches (D:1)
  A hobgoblin (D:1)
  3 ball pythons
  3 frilled lizards
  2 goblins (D:1)
  A kobold (D:2)
  2 rats (D:1)
22 creatures vanquished.

Notes
Turn   | Place    | Note
-------+----------+-------------------------------------------
     0 | D:1      | Peloso the Minotaur Fighter began the quest for the Orb.
     0 | D:1      | Reached XP level 1. HP: 19/19 MP: 0/0
   121 | D:1      | Reached XP level 2. HP: 26/27 MP: 1/1
   367 | D:1      | Found a faded altar of an unknown god.
   487 | D:1      | You fall into a shaft and drop 1 floor!
   507 | D:2      | Noticed Jessica
   510 | D:2      | Reached XP level 3. HP: 33/33 MP: 2/2
   514 | D:2      | Killed Jessica
   535 | D:2      | Gained mutation: Your mind is acute. (Int +4, Str/Dex -1)
                  | [potion of mutation]
   535 | D:2      | Gained mutation: You sometimes lose your temper in combat.
                  | [potion of mutation]
   692 | D:2      | Slain by a ribbon worm

Illustrated notes

Levels and vault maps discovered:
D:1:      mainiacjoe_arrival_reflecting_pool, layout_basic,
          chequers_ecumenical_altar_island, minmay_lizard_king
D:2:      layout_loops_ring, serial_shops, nicolae_shop_peninsula, basic_altar,
          uniq_jessica, uniq_natasha, uniq_terence

Skill      XL: |  1  2  3 |
---------------+----------+-----
Armour         | 4 |  4.4
Fighting       | 4 |  4.3
Shields        | 4 |  4.1
Long Blades    | 3 |  3.0

Action                     || total
---------------------------++-------
  Melee: Long sword        ||    43
         Headbutt          ||     8
    Use: Potion            ||     4
 Armour: Scale mail        ||    73
  Dodge: Dodged            ||    22
  Block: Buckler           ||     8
